 Dungeon Crawl Stone Soup version 0.26.1-11-gd32895ea62 (webtiles) character file.

Game seed: 10272078688484567958

27983 nothank2 the Carver (level 13, -10/105 HPs)
             Began as a Formicid Fighter on July 14, 2021.
             Was a High Priest of the Shining One.
             Killed from afar by an ice dragon (23 damage)
             ... with a blast of cold
             ... in an ice cave.
             The game lasted 00:43:04 (13393 turns).

nothank2 the Carver (Formicid Fighter)             Turns: 13393, Time: 00:43:04

Health: -10/105    AC: 34    Str: 27    XL:     13   Next: 70%
Magic:  13/13      EV:  5    Int: 10    God:    the Shining One [*****.]
Gold:   800        SH: 15    Dex: 10    Spells: 12/12 levels left

rFire    . . .     SeeInvis +   w - +5 double sword
rCold    . . .     Faith    .   c - +2 kite shield
rNeg     + + .     Spirit   .   v - +8 orange crystal plate armour {Archmagi, Int+3 Clar}
rPois    .         Reflect  .   (helmet unavailable)
rElec    .         Harm     .   k - +1 cloak
rCorr    .         Rampage  .   z - +0 pair of gloves
Will     +....     Clarity  +   t - +0 pair of boots
Stlth    ..........             F - amulet of regeneration
HPRegen  0.67/turn              B - ring of flight
MPRegen  0.13/turn              a - ring of wizardry

@: glowing
A: permanent stasis, dig shafts and tunnels, four strong arms, antennae 3
a: Dig, Renounce Religion, Evoke Flight, Divine Shield, Cleansing Flame, Summon
Divine Warrior


You were in an ice cave.
You worshipped the Shining One.
The Shining One was extremely pleased with you.
You visited 2 branches of the dungeon, and saw 14 of its levels.
You also visited: Ice Cave.

You collected 800 gold pieces.

Inventory:

Hand Weapons
 w - a +5 double sword (weapon)
 y - a +4 flail of holy wrath
Missiles
 J - 30 poisoned darts (quivered)
Armour
 c - a +2 kite shield (worn)
 k - a +1 cloak (worn)
 s - a scarf of invisibility
 t - a +0 pair of boots (worn)
 v - the +8 orange crystal plate armour (worn) {Archmagi, Int+3 Clar}
   (You found it on level 4 of the Dungeon)

   It affects your intelligence (+3).
   It protects you against confusion.
 z - a +0 pair of gloves (worn)
Jewellery
 a - a ring of wizardry (right hand)
 B - a ring of flight (left hand)
 F - an amulet of regeneration (around neck)
Wands
 d - a wand of disintegration (8)
 E - a wand of flame (53)
 G - a wand of iceblast (25)
 L - a wand of polymorph (26)
 M - a wand of digging (5)
Scrolls
 f - 6 scrolls of teleportation
 g - 2 scrolls of immolation
 r - 3 scrolls of fear
 x - a scroll of vulnerability
 C - 4 scrolls of enchant weapon
 D - 6 scrolls of remove curse
 K - 4 scrolls of amnesia
Potions
 e - 2 potions of degeneration
 h - a potion of resistance
 i - 6 potions of curing
 j - 3 potions of invisibility
 l - 7 potions of heal wounds
 m - a potion of haste {unknown}
 o - 2 potions of brilliance
 p - 2 potions of mutation
 q - a potion of ambrosia {unknown}
 A - 3 potions of flight
 H - 2 potions of lignification
 I - a potion of might
 N - a potion of attraction


   Skills:
 + Level 10.9 Fighting
 + Level 14.6 Long Blades
 + Level 11.0 Armour
 + Level 11.8 Shields


You had 12 spell levels left.
You didn't know any spells.
Your spell library contained the following spells:

 Spells                   Type           Power        Failure   Level
 Beastly Appendage        Tmut           0%           99%         1
 Corona                   Hex            0%           99%         1
 Summon Small Mammal      Summ           0%           99%         1
 Call Imp                 Summ           0%           99%         2
 Ensorcelled Hibernation  Hex/Ice        0%           99%         2
 Wereblood                Tmut           0%           99%         2
 Call Canine Familiar     Summ           0%           100%        3
 Confusing Touch          Hex            0%           100%        3
 Dazzling Flash           Conj/Hex       0%           100%        3
 Gell's Gravitas          Tloc           0%           100%        3
 Spider Form              Tmut/Pois      0%           100%        3
 Summon Guardian Golem    Hex/Summ       0%           100%        3
 Tukima's Dance           Hex            0%           100%        3
 Ice Form                 Ice/Tmut       0%           100%        4
 Petrify                  Tmut/Erth      0%           100%        4
 Summon Ice Beast         Ice/Summ       0%           100%        4
 Summon Lightning Spire   Summ/Air       0%           100%        4
 Blade Hands              Tmut           0%           100%        5
 Metabolic Englaciation   Hex/Ice        0%           100%        5
 Yara's Violent Unravell  Hex/Tmut       0%           100%        5


Dungeon Overview and Level Annotations

Branches:
Dungeon (9/15)             Temple (0/1) D:7            Lair (5/6) D:8
 Shoals (0/4) Lair:4       Spider (0/4) Lair:2          Orc (0/2) D:9
  IceCv (1/1)
  Slime: Lair:5-6

Altars:
Ashenzari
Hepliaklqana
Kikubaaqudgha
Makhleb
Nemelex Xobeh
Okawaru
Qazlal
Sif Muna
Trog
Uskayaw
Wu Jian
Xom
Yredelemnul
The Shining One

Shops:
D:7 =

Annotations:
IceCv exclusion: ice statue


Innate Abilities, Weirdness & Mutations

You cannot be hasted, slowed, berserked, paralysed or teleported.
You can dig through walls and to a lower floor.
Your four strong arms can wield two-handed weapons with a shield.
You have a pair of large antennae on your head. (SInv)


Message History

The ice dragon is lightly wounded.
You block the ice dragon's attack.
The ice dragon claws you but does no damage.
You block the ice dragon's attack.
You slice the ice dragon!!
The ice dragon is moderately wounded.
You hit the ice dragon.
The ice dragon is moderately wounded.
The ice dragon breathes frost at you. The blast of cold hits you!
The ice dragon breathes frost at you. The blast of cold hits you!!!
The ice dragon breathes frost at you. The blast of cold hits you!
The ice dragon breathes frost at you. The blast of cold hits you!!
* * * LOW HITPOINT WARNING * * *
The ice dragon breathes frost at you. The blast of cold hits you!!
You die...

##.###........#
#..# ##.......8
#.## #.......#
##.# #.....#
#..# .....#
#..# #..###
##..# #.#
##..## ##
###@.## #...##
###.### ##.#D.#
#..##.##
#...#{.#
##D#...##
#..##### #...#


You could see an ice dragon (catching breath).

Vanquished Creatures
  Erolcha (D:9)
  Harold (D:7)
  3 hydras
  3 death yaks
  Urug (Lair:3)
  Pikel (D:4)
  A manticore (Lair:4)
  An orb spider (Lair:2)
  4 elephants (Lair:4)
  5 black mambas
  8 cane toads
  An ice statue (IceCv)
  4 komodo dragons
  4 rime drakes
  A wind drake (Lair:4)
  3 polar bears
  Prince Ribbit (D:7)
  Grinder (D:6)
  4 dream sheep (Lair:3)
  A wyvern (Lair:2)
  28 yaks
  2 basilisks
  7 water moccasins
  4 orc warriors
  2 sky beasts
  Purgy (D:3)
  15 ice beasts
  3 black bears
  A phantom (D:8)
  3 centaurs
  4 ogres
  A big kobold (D:7)
  9 bullfrogs
  A wyvern zombie (D:9)
  3 scorpions
  3 killer bees (D:9)
  14 wights
  3 howler monkeys
  An electric eel (Lair:4)
  A bullfrog zombie (D:9)
  3 hounds
  4 jellies
  4 orc priests
  Crazy Yiuf (D:3)
  2 centaur skeletons
  7 orc wizards
  Jessica (D:3)
  6 iguanas
  10 worker ants
  A worker ant zombie (D:8)
  Robin (D:3)
  14 adders
  6 gnolls
  A shadow imp (D:8)
  3 white imps
  6 worms
  5 dart slugs
  A leopard gecko (D:3)
  41 orcs
  12 bats
  13 giant cockroaches
  20 goblins
  12 hobgoblins
  9 jackals
  10 kobolds
  2 quokkas
  2 ball pythons
  8 frilled lizards
  A jackal skeleton (D:7)
  2 leopard gecko skeletons
  10 rats
373 creatures vanquished.

Vanquished Creatures (others)
  8 fungi
  9 plants
17 creatures vanquished.

Grand Total: 390 creatures vanquished

Notes
Turn   | Place    | Note
-------+----------+-------------------------------------------
     0 | D:1      | nothank2 the Formicid Fighter began the quest for the Orb.
     0 | D:1      | Reached XP level 1. HP: 18/18 MP: 1/1
   128 | D:1      | Reached XP level 2. HP: 20/24 MP: 2/2
   368 | D:1      | Reached XP level 3. HP: 29/29 MP: 3/3
   894 | D:2      | Found a glowing golden altar of the Shining One.
   901 | D:2      | Became a worshipper of the Shining One
  1092 | D:2      | Reached XP level 4. HP: 37/37 MP: 4/4
  1155 | D:2      | Reached skill level 3 in Long Blades
  1411 | D:2      | Found a basalt altar of Yredelemnul.
  1435 | D:2      | Reached XP level 5. HP: 21/42 MP: 5/5
  2067 | D:3      | Noticed Jessica
  2073 | D:3      | Killed Jessica
  2164 | D:3      | Reached XP level 6. HP: 45/48 MP: 6/6
  2229 | D:3      | Noticed Purgy
  2244 | D:3      | Killed Purgy
  2245 | D:3      | Reached skill level 4 in Long Blades
  2275 | D:3      | Found a broken altar of Ashenzari.
  2278 | D:3      | Found a shimmering blue altar of Sif Muna.
  2281 | D:3      | Found an ornate altar of the Wu Jian Council.
  2506 | D:3      | Found a stormy altar of Qazlal.
  2568 | D:3      | Reached * piety under the Shining One
  2606 | D:3      | Reached skill level 5 in Shields
  2613 | D:3      | Noticed Robin
  2651 | D:3      | Killed Robin
  2702 | D:3      | Found a runed translucent door.
  2703 | D:3      | Noticed Crazy Yiuf
  2707 | D:3      | Killed Crazy Yiuf
  2708 | D:3      | Reached XP level 7. HP: 32/55 MP: 7/7
  3433 | D:4      | Found an iron altar of Okawaru.
  3620 | D:4      | Found a burning altar of Makhleb.
  3951 | D:4      | Noticed Pikel
  3956 | D:4      | Reached skill level 5 in Long Blades
  3956 | D:4      | Reached skill level 5 in Armour
  3967 | D:4      | Killed Pikel
  3968 | D:4      | Reached skill level 5 in Fighting
  3968 | D:4      | Reached skill level 6 in Long Blades
  3968 | D:4      | Reached XP level 8. HP: 35/63 MP: 8/8
  4148 | D:4      | Found the +8 orange crystal plate armour {Archmagi, Int+3
                  | Clar}
  4518 | D:5      | Entered Level 5 of the Dungeon
  4632 | D:5      | Reached ** piety under the Shining One
  4733 | D:5      | Reached XP level 9. HP: 55/69 MP: 9/9
  4827 | D:5      | Found a hide-covered altar of Uskayaw.
  5094 | D:6      | Reached skill level 7 in Long Blades
  5228 | D:6      | Found a runed translucent door.
  5229 | D:6      | Found a runed translucent door.
  5327 | D:6      | Noticed Grinder
  5350 | D:6      | Killed Grinder
  5805 | D:6      | Reached skill level 8 in Long Blades
  6150 | D:7      | Found Qaibi's Jewellery Shoppe.
  6199 | D:7      | Noticed Prince Ribbit
  6452 | D:7      | Found a sparkling altar of Nemelex Xobeh.
  6674 | D:7      | Killed Prince Ribbit
  6675 | D:7      | Reached XP level 10. HP: 72/79 MP: 10/10
  6706 | D:7      | Found a hazy altar of Hepliaklqana.
  6707 | D:7      | Found a shimmering altar of Xom.
  6708 | D:7      | Noticed a spectral ugly thing
  6845 | D:7      | Found a staircase to the Ecumenical Temple.
  6950 | D:8      | Noticed Harold
  7007 | D:7      | Killed Harold
  7008 | D:7      | Reached skill level 10 in Long Blades
  7041 | D:8      | Noticed a death yak
  7078 | D:7      | Killed a death yak
  7230 | D:8      | Reached skill level 11 in Long Blades
  7317 | D:8      | Found an ancient bone altar of Kikubaaqudgha.
  7365 | D:8      | Found a staircase to the Lair.
  7366 | D:8      | Noticed a death yak
  7366 | D:8      | Noticed a death yak
  7410 | D:8      | Killed a death yak
  7466 | D:8      | Reached XP level 11. HP: 84/84 MP: 11/11
  7513 | D:8      | Killed a death yak
  7514 | D:8      | Reached skill level 12 in Long Blades
  7673 | D:8      | Reached *** piety under the Shining One
  7984 | D:8      | Reached skill level 13 in Long Blades
  8158 | D:9      | Reached **** piety under the Shining One
  8298 | D:9      | Found a staircase to the Orcish Mines.
  8331 | D:9      | Noticed Erolcha
  8344 | D:9      | Killed Erolcha
  8437 | D:9      | Found a bloodstained altar of Trog.
  8713 | Lair:1   | Entered Level 1 of the Lair of Beasts
  8727 | Lair:1   | Reached skill level 14 in Long Blades
  8973 | Lair:1   | Reached XP level 12. HP: 45/92 MP: 12/12
  9540 | Lair:2   | Found a hole to the Spider Nest.
  9669 | Lair:1   | HP: 4/92 [black mamba (8)]
 10348 | Lair:2   | Noticed a seven-headed hydra
 10361 | Lair:2   | Killed a seven-headed hydra
 10486 | Lair:2   | Reached skill level 10 in Shields
 11549 | Lair:3   | Noticed Urug
 11578 | Lair:3   | Killed Urug
 11903 | Lair:4   | Reached XP level 13. HP: 73/103 MP: 13/13
 11907 | Lair:4   | Reached skill level 10 in Armour
 11916 | Lair:4   | Noticed a six-headed hydra
 11926 | Lair:4   | Noticed an eight-headed hydra
 11934 | Lair:4   | Found a gate leading to a gauntlet.
 12086 | Lair:3   | Killed a six-headed hydra
 12087 | Lair:3   | Reached skill level 10 in Fighting
 12310 | Lair:4   | Killed an eight-headed hydra
 12557 | Lair:4   | Found a staircase to the Shoals.
 13125 | Lair:5   | Found a frozen archway.
 13136 | IceCv    | Entered an ice cave
 13207 | IceCv    | Reached ***** piety under the Shining One
 13373 | IceCv    | Noticed an ice dragon
 13373 | IceCv    | Noticed an ice dragon
 13393 | IceCv    | Killed from afar by an ice dragon

Illustrated notes

Levels and vault maps discovered:
D:1:      mushboom_english_gardens, layout_basic
D:2:      layout_rooms, nicolae_overflow_crystal_walls, tso_altar,
          supply_closet_lemuel, grunt_ministairs_13
D:3:      layout_basic, nicolae_qazlal_eye_of_the_storm,
          grunt_temple_overflow_diamond, gup_sewer_entry_bubbles, uniq_robin,
          uniq_purgy, uniq_jessica, uniq_crazy_yiuf_cottage
D:4:      black_bear_nest_2, layout_loops_cross, kennysheep_okawaru_gauntlet,
          lemuel_coloured_pillars_altar, uniq_pikel
D:5:      layout_cave_pools, lemuel_tele_altar
D:6:      lemuel_insect_pit, layout_gridville, uniq_grinder
D:7:      layout_loops_cross, regret_index_temple_of_mockery,
          nemelex_xobeh_ov_fountains_minmay, temple_hall, serial_shops,
          nicolae_shop_statue_plus, uniq_prince_ribbit1
D:8:      layout_cave_pools, kennysheep_mini_moat, dpeg_lair_monsters,
          uniq_harold
D:9:      layout_rooms, overflow_temple_1_default, hiddenorc1_lemuel,
          uniq_erolcha
Lair:1:   layout_gridlike, grunt_megastairs_4
Lair:2:   layout_regular_city, nicolae_spider_entry_orb_guardian
Lair:3:   layout_regular_city, uniq_urug
Lair:4:   layout_misc_corridors, minmay_shoals_entry_beasts,
          gauntlet_entry_generic, serial_bayou_shore_a
Lair:5:   layout_gridlike, portal_ice_cave_rime, worms_lemuel
IceCv:    ice_cave_small_dragons

Skill      XL: |  1  2  3  4  5  6  7  8  9 10 11 12 13 |
---------------+----------------------------------------+-----
Shields        | 4 5 6 7 8 10 11 | 11.8
Long Blades    | 3 4 6 8 11 14 | 14.6
Armour         | 4 5 6 7 9 11 | 11.0
Fighting       | 4 5 6 7 9 10 | 10.9

Action                   |  1- 3 |  4- 6 |  7- 9 | 10-12 | 13-15 || total
-------------------------+-------+-------+-------+-------+-------++-------
Melee: Long sword        |   123 |   203 |   346 |   828 |       ||  1500
       Double sword      |       |       |       |    15 |   158 ||   173
       Flail             |       |       |       |     8 |    49 ||    57
Throw: Dart              |       |       |       |    24 |    10 ||    34
 Abil: Dig               |       |       |     1 |       |       ||     1
  Use: Scroll            |       |     5 |       |    19 |     1 ||    25
       Potion            |       |       |       |     3 |       ||     3
Armor: Scale mail        |    55 |   111 |    32 |       |       ||   198
       Crystal plate arm |       |       |   202 |   460 |   202 ||   864
Dodge: Dodged            |    45 |    96 |    72 |    84 |    51 ||   348
Block: Kite shield       |    83 |   138 |   210 |   462 |   211 ||  1104
       Rpst.: Long sword |    10 |    26 |    23 |    28 |       ||    87
       Double sword      |       |       |       |       |     5 ||     5
